AoeStats
← Long John Silver

Black Forest

509143280Analyzed
4v4 RM · 6d ago on Sep 25, 2026· 37m 1s· 8 players
Game mode
Random Map
Map size
Large (8 player)
Population
200
Speed
Normal
Resources
Standard
Victory
Conquest
Starting age
Dark Age
Ending age
Imperial Age
RankedLock teamsTeams togetherTeam positionsShared explorationLock speedFull tech treeHidden civsTurbo modeCheats
Victory
Defeat
🇹🇼 Persians · Taiwan
1530
+13
🇩🇪 Saracens · Germany
1513
+13
🇲🇽 Bohemians · Mexico
1471
+15
🇦🇲 Britons · Armenia
1378
+19
🇳🇱 Saxons · Netherlands
1514
-18
🇬🇧 Teutons · United Kingdom
1450
-15
🇱🇹 Saxons · Lithuania
1439
-14
🇳🇱 Danes · Netherlands
1397
-13
pac.Padawan NL
11:53 Feudal Age
15:39 Castle Age
14:18 Double-Bit Axe
22:31 Scale Mail Armor
23:46 Horse Collar
24:57 Wheelbarrow
25:09 Chain Mail Armor
25:15 Heavy Plow
27:07 Bow Saw
31:19 Imperial Age
29:52 Forging
30:32 Ballistics
31:06 Hand Cart
30:36 Loom
32:06 Onager
34:36 Conscription
34:34 Siege Engineers
34:14 Siege Onager
qwyt
5:00 Loom
10:20 Feudal Age
15:02 Castle Age
12:55 Horse Collar
15:30 Double-Bit Axe
24:21 Scale Mail Armor
25:44 Chain Mail Armor
25:32 Squires
26:51 Arson
27:44 Gold Mining
28:11 Town Watch
32:24 Imperial Age
30:55 Stone Mining
32:00 Wheelbarrow
32:26 Forging
32:48 Gambesons
34:17 Plate Mail Armor
34:23 Elite Varangian Guard
36:22 Conscription
Lugal
9:30 Feudal Age
9:31 Man-at-Arms
11:54 Double-Bit Axe
16:10 Fletching
22:51 Castle Age
23:17 Scale Mail Armor
23:34 Loom
24:28 Wheelbarrow
24:15 Bow Saw
25:51 Horse Collar
33:58 Imperial Age
32:24 Gold Mining
32:50 Heavy Plow
34:38 Chain Mail Armor
34:26 Long Swordsman
34:56 Gambesons
35:12 Squires
36:59 Sanctity
36:57 Block Printing
pac.Etwin O' Fliguter
1:54 Loom
9:24 Feudal Age
11:45 Double-Bit Axe
20:09 Horse Collar
22:14 Wheelbarrow
24:47 Fletching
25:01 Padded Archer Armor
27:18 Castle Age
26:21 Fletching
28:08 Bodkin Arrow
27:45 Elite Skirmisher
30:07 Leather Archer Armor
30:33 Ballistics
31:59 Hand Cart
36:02 Bow Saw
AM | DEMONIO_MX
0:41 Loom
12:08 Feudal Age
14:45 Double-Bit Axe
15:14 Horse Collar
16:33 Fletching
27:20 Castle Age
28:00 Bodkin Arrow
30:14 Wheelbarrow
30:18 Bow Saw
30:08 Heavy Plow
30:51 Fervor
36:38 Imperial Age
35:40 Chemistry
37:17 Hand Cart
Fries
4:45 Loom
11:25 Feudal Age
12:09 Double-Bit Axe
15:06 Castle Age
13:39 Horse Collar
17:21 Bow Saw
18:05 Heavy Plow
20:08 Wheelbarrow
23:24 Hand Cart
24:43 Gold Mining
25:39 Stone Mining
26:24 Gold Shaft Mining
29:48 Imperial Age
27:59 Scale Barding Armor
28:31 Stone Shaft Mining
28:59 Chain Barding Armor
29:36 Forging
30:12 Caravan
30:49 Plate Barding Armor
31:29 Crop Rotation
31:47 Husbandry
31:57 Bloodlines
32:47 Iron Casting
32:03 Fletching
32:59 Conscription
33:09 Elite War Elephant
34:04 Devotion
34:08 Onager
34:58 Light Cavalry
36:46 Blast Furnace
37:18 Faith
36:55 Bodkin Arrow
JeromeAOE / YouTube
5:39 Loom
8:29 Feudal Age
8:32 Man-at-Arms
9:52 Arson
13:21 Fletching
15:14 Padded Archer Armor
16:34 Double-Bit Axe
24:45 Castle Age
24:55 Horse Collar
26:16 Bow Saw
25:30 Crossbowman
26:07 Bodkin Arrow
26:09 Gold Mining
36:59 Imperial Age
35:05 Ballistics
35:12 Town Watch
36:02 Wheelbarrow
37:10 Leather Archer Armor
Long John Silver
10:28 Feudal Age
14:12 Castle Age
12:07 Double-Bit Axe
12:07 Horse Collar
15:20 Bow Saw
21:19 Wheelbarrow
28:10 Imperial Age
26:22 Heavy Plow
28:01 Caravan
29:18 Conscription
30:06 Chemistry
29:52 Scale Barding Armor
29:57 Forging
29:59 Bloodlines
29:49 Husbandry
29:11 Elite Mameluke
30:30 Counterweights
30:46 Loom
30:47 Town Watch
31:49 Chain Barding Armor
32:05 Iron Casting
32:35 Siege Engineers
32:11 Onager
33:45 Plate Barding Armor
34:10 Hoardings
34:41 Two-Man Saw
35:56 Blast Furnace
Connection lost

Rejoining the realm…

Still unreachable

The connection could not be restored.

Session expired

The server has moved on; the page needs a fresh start.